 Dungeon Crawl Stone Soup version 0.29.1-2-gbd0b4ee654 (webtiles) character file.

Game seed: 5577198608418039863

60 hawla the Conjurer (level 3, -3/26 HPs)
             Began as a Draconian Conjurer on Oct 26, 2022.
             Slain by an iguana (10 damage)
             ... on level 2 of the Dungeon.
             The game lasted 00:03:42 (1268 turns).

hawla the Conjurer (Draconian Conjurer)             Turns: 1268, Time: 00:03:42

Health: -3/26      AC:  7    Str:  9    XL:     3   Next: 82%
Magic:  2/6        EV: 12    Int: 20    God:
Gold:   56         SH:  0    Dex:  9    Spells: 3/6 levels left

rFire   . . .      SeeInvis .   (no weapon)
rCold   . . .      Faith    .   (no shield)
rNeg    . . .      Spirit   .   (body armour unavailable)
rPois   .          Reflect  .   (helmet restricted)
rElec   .          Harm     .   j - +1 cloak
rCorr   .          Rampage  .   (no gloves)
Will    .....                   (no boots)
Stlth   ++........              (no amulet)
HPRegen 0.08/turn               (no ring)
MPRegen 0.10/turn               (no ring)

@: no status effects
A: AC +5, unfitting armour, cold-blooded
a: no special abilities


You were on level 2 of the Dungeon.
You visited 1 branch of the dungeon, and saw 2 of its levels.

You collected 56 gold pieces.

Inventory:

Armour
 j - a +1 cloak (worn)
Jewellery
 g - a ring of protection from cold
Potions
 b - a potion of berserk rage {unknown}
 f - a potion of ambrosia


   Skills:
 + Level 2.2 Dodging
 - Level 1.7 Stealth
 + Level 2.3 Spellcasting
 + Level 5.1 Conjurations


You had 3 spell levels left.
You knew the following spells:

 Your Spells              Type           Power      Damage    Failure   Level
a - Magic Dart            Conj           88%        1d7       1%          1
b - Searing Ray           Conj           44%        2d6       2%          2

Your spell library contained the following spells:

 Spells                   Type           Power      Damage    Failure   Level
 Dazzling Flash           Conj/Hex       24%        N/A       16%         3
 Fulminant Prism          Conj/Hex       6%         3d7       47%         4
 Iskenderun's Mystic Bla  Conj/Tloc      12%        2d5       47%         4


Dungeon Overview and Level Annotations

Branches:
Dungeon (2/15)

Altars:


Innate Abilities, Weirdness & Mutations

Your plain brown scales are hard. (AC +5)
You cannot fit into any form of body armour.
You are cold-blooded and may be slowed by cold attacks.


Message History

Casting: Searing Ray (safe; 2% risk of failure)
Confirm with . or Enter, or press ? or * to list all spells.
Aiming: Magic Dart (safe; 1% risk of failure)
Press: ? - help, Shift-Dir - straight line, f - kobold
Aim: a kobold, wielding a +0 dagger and quivering stones (100% to hit)
The magic dart hits the kobold!
You kill the kobold!
The goblin shoots a sling bullet.
The sling bullet hits you but does no damage.
Casting: Magic Dart (safe; 1% risk of failure)
Confirm with . or Enter, or press ? or * to list all spells.
Aiming: Searing Ray (safe; 2% risk of failure)
Press: ? - help, Shift-Dir - straight line, f - goblin
Aim: a goblin, wielding a +0 dagger and quivering stones (72% to hit)
The searing ray hits the goblin.
You kill the goblin!
The searing ray hits the goblin.
You kill the goblin! (Press . to maintain the ray.)
A goblin comes into view. It is wielding a +0 dagger.
The searing ray hits the goblin.
The goblin is severely wounded.
The searing ray hits the goblin.
You kill the goblin!
The searing ray hits the goblin.
You kill the goblin!
A goblin comes into view. It is wielding a +0 club.
The searing ray hits the goblin.
The goblin is severely wounded.
You finish channelling your searing ray.
A goblin comes into view. It is wielding a +0 club.
Unknown command.
Items here: ( )) [ †.
The iguana hisses angrily.
The iguana bites you!
* * * LOW HITPOINT WARNING * * *
A quokka comes into view.
There is an open door here.
The iguana attacks as you move away! The iguana bites you!
You die...

## ##.## ##...# #.#.#
#....# ####.#.#
#+..@# #.. ...#
#...l######.# #?.# #
#........##.# #..###)
##.....g.##.###......
#.......#.$.##†#.###
#...................
#..r....#...####.###
#.......##..).)))†..
#.......########)###


You could see an iguana and a quokka (wandering).

Vanquished Creatures
  Robin (D:2)
  2 adders (D:2)
  3 ball pythons
  A giant cockroach (D:1)
  7 goblins (D:2)
  2 hobgoblins
  3 jackals (D:1)
  3 kobolds
  A quokka (D:1)
  2 bats (D:1)
  2 frilled lizards
  2 rats
29 creatures vanquished.

Vanquished Creatures (others)
  A goblin (D:2)
1 creature vanquished.

Grand Total: 30 creatures vanquished

Notes
Turn   | Place    | Note
-------+----------+-------------------------------------------
     0 | D:1      | hawla the Draconian Conjurer began the quest for the Orb.
     0 | D:1      | Reached XP level 1. HP: 14/14 MP: 3/3
   405 | D:1      | Reached XP level 2. HP: 20/20 MP: 1/5
   408 | D:1      | Learned a level 2 spell: Searing Ray
   964 | D:1      | Found a faded altar of an unknown god.
  1168 | D:2      | Reached XP level 3. HP: 26/26 MP: 0/6
  1214 | D:2      | Noticed Robin
  1248 | D:2      | Killed Robin
  1249 | D:2      | Reached skill level 5 in Conjurations
  1268 | D:2      | Slain by an iguana

Illustrated notes

Levels and vault maps discovered:
D:1:      amcnicky_arrival_choice, layout_basic,
          shapermc_ecumenical_altar_notcrosses, serial_bayou_pond_e
D:2:      layout_loops_ring, kennysheep_generic_room_8, uniq_crazy_yiuf_cottage,
          uniq_robin

Skill      XL: |  1  2  3 |
---------------+----------+-----
Dodging        | 2 |  2.2
Conjurations   | 5 |  5.1
Stealth        | |  1.7
Spellcasting   | |  2.3

Action                   || total
-------------------------++-------
Melee: Unarmed           ||    32
       Tailslap          ||     3
 Cast: Magic Dart        ||    20
       Searing Ray       ||     8
  Use: Scroll            ||     8
       Potion            ||     3
Armor: Skin              ||    17
Dodge: Dodged            ||    43
